 Dungeon Crawl Stone Soup version 0.24.0-2-g5b39cebb1c (webtiles) character file.

Game seed: 16516928831918546722, levelgen mode: deterministic

7487 Aviak the Cleaver (level 11, -9/80 HPs)
             Began as a Hill Orc Wanderer on Oct 31, 2019.
             Was a Believer of Qazlal.
             Incinerated by a red very ugly thing (13 damage)
             ... on level 1 of the Abyss.
             The game lasted 00:19:33 (12389 turns).

Aviak the Cleaver (Hill Orc Wanderer)              Turns: 12389, Time: 00:19:34

Health: -9/80      AC: 18    Str: 17      XL:     11   Next: 16%
Magic:  13/13      EV:  6    Int: 12      God:    Qazlal [**....]
Gold:   568        SH:  2    Dex: 11 (12) Spells: 14/14 levels left

rFire    . . .     SeeInvis .   e - +3 hand axe (flame)
rCold    . . .     Gourm    .   (no shield)
rNeg     . . .     Faith    .   z - +0 plate armour
rPois    .         Spirit   .   (no helmet)
rElec    .         Reflect  .   (no cloak)
rCorr    .         Harm     .   A - +0 pair of gloves
MR       .....                  o - +1 pair of boots
Stlth    ..........             (no amulet)
HPRegen  0.23/turn              E - +4 ring of intelligence
MPRegen  0.13/turn              (no ring)

@: liquid flames, berserk cooldown, very slightly contaminated, slowed, glowing,
very slow
A: [dopey 2], [frail 2], [low mp 2], [subdued magic 2]
a: Upheaval, Renounce Religion


You were on level 1 of the Abyss.
You worshipped Qazlal.
Qazlal was pleased with you.
You were not hungry.

You visited 1 branch of the dungeon, and saw 10 of its levels.
You visited the Abyss 1 time.

You collected 568 gold pieces.

Inventory:

Hand Weapons
 e - a +3 hand axe of flaming (weapon)
 g - a +1 hand axe of freezing
 k - a +0 war axe
Armour
 o - a +1 pair of boots (worn)
 z - a +0 plate armour (worn)
 A - a +0 pair of gloves (worn)
Jewellery
 h - a +2 amulet of reflection
 E - a +4 ring of intelligence (left hand)
Wands
 d - a wand of paralysis (9)
 q - a wand of flame (18)
 s - a wand of iceblast (10)
 B - a wand of digging (4)
Scrolls
 a - a scroll of noise {!r!r}
 f - a scroll of fog
 i - 5 scrolls of identify
 l - a scroll of immolation
 r - 3 scrolls of remove curse
 u - 3 scrolls of amnesia
 w - 5 scrolls of magic mapping
Potions
 c - 2 potions of curing
 j - a potion of agility
 m - 2 potions of lignification {!q}
 v - 2 potions of brilliance
 y - a potion of magic
Comestibles
 b - 9 rations
 n - a chunk of flesh


   Skills:
 + Level 10.8 Fighting
 + Level 11.6 Axes
   Level 1.1(6.3) Maces & Flails
 + Level 10.0 Armour
 - Level 1.0 Stealth
   Level 1.1 Shields
 - Level 2.4 Spellcasting
   Level 2.0 Hexes
 + Level 7.9 Invocations


You had 14 spell levels left.
You didn't know any spells.
Your spell library contained the following spells:

 Spells                   Type           Power        Failure   Level  Hunger
 Corona                   Hex            #......      94%         1    ##.....
 Summon Small Mammal      Summ           #...         99%         1    ##.....
 Ensorcelled Hibernation  Hex/Ice        #.....       99%         2    ###....
 Call Imp                 Summ           #.......     100%        2    ###....
 Call Canine Familiar     Summ           #.......     100%        3    ####...
 Confuse                  Hex            #.......     100%        3    ####...
 Dazzling Spray           Conj/Hex       #.....       100%        3    ####...
 Summon Guardian Golem    Hex/Summ       #.......     100%        3    ####...
 Tukima's Dance           Hex            #.......     100%        3    ####...
 Summon Ice Beast         Ice/Summ       #.......     100%        4    #####..
 Summon Lightning Spire   Summ/Air       #.......     100%        4    #####..


Dungeon Overview and Level Annotations

Branches:
Dungeon (10/15)            Temple (0/1) D:7            Lair (0/6) D:9
    Orc: D:9-12

Altars:
Cheibriados
Dithmenos
Elyvilon
Kikubaaqudgha
Makhleb
Qazlal
Trog
Vehumet
Xom
Yredelemnul
Zin
The Shining One

Shops:
D:9 (

Annotations:
D:6 3 runed translucent doors, PlayerOfArmor's ghost, novice GrEE
D:7 4 runed translucent doors


Innate Abilities, Weirdness & Mutations

[You are very dopey. (Int -4)]
[You are very frail. (-20% HP)]
[Your magical capacity is very low. (-20% MP)]
[Your spells are easier to cast, but less powerful.]


Message History

You are covered in liquid flames!
* * * LOW HITPOINT WARNING * * *
The wretched star pulses with an eldritch light!
You feel less energetic. x2
You feel your anger nearly subside.
You are covered in liquid flames!
* * * LOW HITPOINT WARNING * * *
You are no longer berserk.
You are exhausted.
You feel yourself slow down.
Unknown command.
You are covered in liquid flames!
* * * LOW HITPOINT WARNING * * *
The profane servitor hits you but does no damage. x2
The wretched star is engulfed in blazing flames.
The wretched star pulses with an eldritch light!
You feel frail. x2
Unknown command.
You are covered in liquid flames!
You die...

#... ..#.........
#.. #..#.........
#...sx5'....... .
#.. #E### ...####
## ####.####.. . #
#.##....*...... ...
##.#.# .........#..
#....##...#........
#@#Au........... .
#..#.##......... ..
#.###.......#... .
#. ##........... .
. ...._##.. .#
###### .## .. #. ยง
#. . . #


There were no monsters in sight!

Vanquished Creatures
  Erolcha (D:9)
  A hornet (D:9)
  Sigmund (D:2)
  A basilisk (D:9)
  7 yaks
  Grum (D:10)
  2 ice beasts
  2 sky beasts
  A necrophage (D:9)
  6 orc warriors
  5 ogres
  2 wolves (D:10)
  3 phantoms
  4 centaurs
  4 crocodiles
  Blork the orc (D:5)
  A big kobold (D:8)
  5 bullfrogs
  A gnoll sergeant (D:10)
  6 scorpions
  3 wights
  4 howler monkeys
  2 centaur zombies
  4 crimson imps
  5 hounds
  4 jellies
  3 orc priests
  2 centaur skeletons
  4 iguanas
  Jessica (D:3)
  A bullfrog skeleton (D:7)
  8 orc wizards
  Natasha (twice) (D:2)
  A small abomination (Abyss:1)
  6 worker ants
  2 hound skeletons (D:5)
  A worker ant zombie (D:8)
  A howler monkey skeleton (D:7)
  13 adders
  8 gnolls
  2 shadow imps
  An adder skeleton (D:6)
  An adder zombie (D:7)
  3 worms
  4 dart slugs
  6 leopard geckos
  40 orcs
  4 giant cockroaches
  4 goblins
  6 hobgoblins
  2 jackals (D:3)
  14 kobolds
  4 quokkas
  3 bats
  8 frilled lizards
  A giant cockroach zombie (D:6)
  13 rats
246 creatures vanquished.

Vanquished Creatures (others)
  2 fungi (D:9)
  A plant (D:9)
3 creatures vanquished.

Grand Total: 249 creatures vanquished

Notes
Turn   | Place    | Note
-------+----------+-------------------------------------------
     0 | D:1      | Aviak the Hill Orc Wanderer began the quest for the Orb.
     0 | D:1      | Aviak set off with the following items: a +2 dagger, a
                  | ration, a +0 hand axe, a +0 ring mail, a potion of haste
     0 | D:1      | Reached XP level 1. HP: 16/16 MP: 3/3
    56 | D:1      | Reached skill level 1 in Axes
    58 | D:1      | Reached XP level 2. HP: 16/24 MP: 5/5
   589 | D:1      | Reached XP level 3. HP: 29/29 MP: 6/6
   821 | D:2      | Reached skill level 2 in Axes
  1106 | D:2      | Reached XP level 4. HP: 37/37 MP: 7/7
  1235 | D:2      | Noticed Sigmund
  1251 | D:2      | Killed Sigmund
  1251 | D:2      | Reached skill level 4 in Axes
  1251 | D:2      | Reached XP level 5. HP: 11/46 MP: 8/8
  1251 | D:2      | Reached XP level 6. HP: 12/52 MP: 9/9
  1571 | D:2      | Noticed Natasha
  1587 | D:2      | Killed Natasha
  1850 | D:2      | Noticed Natasha
  1858 | D:2      | Killed Natasha
  2805 | D:3      | Noticed Jessica
  2809 | D:3      | Killed Jessica
  2950 | D:3      | Found a white marble altar of Elyvilon.
  2950 | D:3      | Found a glowing silver altar of Zin.
  2951 | D:3      | Found a glowing golden altar of the Shining One.
  3289 | D:4      | Reached skill level 5 in Axes
  3289 | D:4      | Reached XP level 7. HP: 57/60 MP: 10/10
  3450 | D:4      | Reached skill level 5 in Fighting
  3812 | D:4      | Found a radiant altar of Vehumet.
  3985 | D:4      | Reached skill level 5 in Armour
  4356 | D:5      | Entered Level 5 of the Dungeon
  4360 | D:5      | Noticed Blork the orc
  4379 | D:4      | Reached skill level 6 in Axes
  4652 | D:4      | Reached XP level 8. HP: 57/70 MP: 11/11
  5124 | D:5      | Reached skill level 7 in Axes
  5194 | D:5      | Killed Blork the orc
  5932 | D:5      | Found a basalt altar of Yredelemnul.
  5934 | D:5      | Found a stormy altar of Qazlal.
  5936 | D:5      | Found an ancient bone altar of Kikubaaqudgha.
  6310 | D:6      | Reached skill level 8 in Axes
  6322 | D:6      | Found a shimmering altar of Xom.
  6471 | D:6      | Reached XP level 9. HP: 45/80 MP: 12/12
  6674 | D:6      | Found a shadowy altar of Dithmenos.
  6776 | D:6      | Found a runed translucent gate.
  6776 | D:6      | Found a runed translucent gate.
  6776 | D:6      | Found a runed translucent gate.
  6778 | D:6      | Noticed PlayerOfArmor's ghost (novice GrEE)
  6786 | D:5      | Found a bloodstained altar of Trog.
  6786 | D:5      | Found a snail-covered altar of Cheibriados.
  6806 | D:5      | Became a worshipper of Qazlal Stormbringer
  6921 | D:7      | Reached skill level 1 in Invocations
  6938 | D:7      | Found a staircase to the Ecumenical Temple.
  7113 | D:7      | Reached skill level 9 in Axes
  7403 | D:7      | Reached * piety under Qazlal
  7505 | D:7      | Found a huge runed translucent gate.
  7505 | D:7      | Noticed a polar bear
  7506 | D:7      | Found a huge runed translucent gate.
  7506 | D:7      | Noticed a polar bear
  7507 | D:7      | Found a huge runed translucent gate.
  7507 | D:7      | Noticed a death yak
  7507 | D:7      | Noticed a polar bear
  7507 | D:7      | Noticed a polar bear
  7507 | D:7      | Noticed a polar bear
  7508 | D:7      | Found a huge runed translucent gate.
  7508 | D:7      | Noticed a polar bear
  7508 | D:7      | Noticed a manticore
  7508 | D:7      | Noticed a polar bear
  8890 | D:9      | Noticed Erolcha
  8890 | D:9      | Noticed a hornet
  8960 | D:9      | Found Faleran's Antique Weapon Shoppe.
  8970 | D:9      | Reached ** piety under Qazlal
  8976 | D:9      | Reached XP level 10. HP: 91/91 MP: 13/13
  8984 | D:9      | Reached skill level 10 in Axes
  9002 | D:9      | Reached skill level 5 in Invocations
 10519 | D:9      | Reached skill level 10 in Fighting
 11063 | D:9      | Killed Erolcha
 11063 | D:9      | Reached skill level 11 in Axes
 11540 | D:9      | Reached XP level 11. HP: 96/101 MP: 16/16
 11851 | D:9      | Found a staircase to the Lair.
 11934 | D:9      | Found a shimmering altar of Xom.
 11934 | D:9      | Found a burning altar of Makhleb.
 11996 | D:10     | Entered Level 10 of the Dungeon
 12035 | D:10     | Noticed Grum
 12175 | D:10     | Killed Grum
 12175 | D:10     | Reached skill level 10 in Armour
 12241 | D:10     | Cast into level 1 of the Abyss (orc)
 12296 | Abyss:1  | Noticed a worldbinder
 12314 | Abyss:1  | Noticed a thrashing horror
 12334 | Abyss:1  | Noticed a worldbinder
 12345 | Abyss:1  | Noticed a wretched star
 12349 | Abyss:1  | Noticed an orb spider
 12364 | Abyss:1  | Noticed a red very ugly thing
 12366 | Abyss:1  | Noticed a large abomination
 12381 | Abyss:1  | Noticed a profane servitor
 12382 | Abyss:1  | Found a hide-covered altar of Uskayaw.
 12388 | Abyss:1  | HP: 3/101 [burnt (4)]
 12389 | Abyss:1  | Incinerated by a red very ugly thing

Levels and vault maps discovered:
D:1:      dpeg_arrival_shelter, layout_basic, minmay_split_cup_small
D:2:      layout_basic, uniq_natasha, uniq_sigmund
D:3:      layout_loops_ring, good_gods_temple_1, first_ration, minivault_25,
          palyth_stone_intersect, uniq_jessica
D:4:      layout_loops_ring, amethyst_killhole, vehumet_altar_wand_db
D:5:      minmay_general_purpose_star, layout_cave_pools,
          nicolae_overflow_hidden_temple, serial_bayou, serial_bayou_shore_b,
          serial_bayou_lake_a, serial_bayou_pond_d, serial_bayou_shore_b,
          uniq_blork_the_orc
D:6:      layout_rooms, grunt_dithmenos_smoke_and_mirrors, basic_altar,
          gammafunk_ghost_necromancy
D:7:      lemuel_bear_cage, layout_basic, minmay_temple_entry_hall
D:8:      layout_gridville
D:9:      layout_layer_cave, grunt_temple_overflow_champion_of_chaos,
          minmay_lair_entry_grove, serial_shops,
          nicolae_shop_overgrown_old_shop, special_room [special_room_orc],
          uniq_erolcha
D:10:     layout_loops_ring, zombieorc2_lemuel, dk_rats_in_the_wall, uniq_grum
Abyss:1

Skill      XL: |  1  2  3  4  5  6  7  8  9 10 11 |
---------------+----------------------------------+-----
Axes           | 1 2 4 5 6 8 9 11 | 11.6
Fighting       | 2 4 6 7 9 10 | 10.8
Armour         | 2 3 4 5 7 8 9 10 | 10.0
Invocations    | 4 7 |  7.9
Maces & Flails | |  1.1
Stealth        | |  1.0
Shields        | |  1.1
Spellcasting   | |  2.4
Hexes          | |  2.0

Action                   |  1- 3 |  4- 6 |  7- 9 | 10-12 || total
-------------------------+-------+-------+-------+-------++-------
Melee: Hand axe          |   132 |   147 |   502 |   296 ||  1077
Invok: Upheaval          |       |       |       |     5 ||     5
Evoke: Wand              |       |       |     2 |    12 ||    14
  Use: Potion            |     3 |     2 |     1 |     7 ||    13
       Scroll            |     1 |       |     6 |     8 ||    15
  Eat: Chunk             |     1 |     6 |    17 |     6 ||    30
       Ration            |       |       |     1 |     1 ||     2
Armor: Ring mail         |    56 |    29 |    60 |       ||   145
       Skin              |     6 |       |       |       ||     6
       Plate armour      |       |       |   194 |   179 ||   373
Dodge: Dodged            |    68 |    61 |   140 |    75 ||   344
Block: Other             |       |       |     6 |    22 ||    28
